 Dungeon Crawl Stone Soup version 0.29-a0-870-g2c972031a6 (webtiles) character file.

Game seed: 16591839645830533211

2123 HoaS the Markself (level 9, 0/48 HPs)
             Began as a Deep Elf Hunter on July 17, 2022.
             Was a Believer of Makhleb.
             Slain by Maggie
             ... wielding a +0 broad axe
              (15 damage)
             ... on level 5 of the Dungeon.
             The game lasted 00:11:36 (4988 turns).

HoaS the Markself (Deep Elf Hunter)                 Turns: 4988, Time: 00:11:36

Health: 0/48       AC:  8    Str: 14    XL:     9   Next: 8%
Magic:  11/11      EV: 13    Int: 15    God:    Makhleb [**....]
Gold:   26         SH:  0    Dex: 22    Spells: 8/8 levels left

rFire   . . .      SeeInvis .   a - +3 shortbow (flame)
rCold   . . .      Faith    .   (shield currently unavailable)
rNeg    . . .      Spirit   .   s - +3 leather armour
rPois   .          Reflect  .   (no helmet)
rElec   .          Harm     .   r - +0 cloak
rCorr   .          Rampage  .   f - +0 pair of gloves
Will    .....                   (no boots)
Stlth   ++........              (no amulet)
HPRegen 0.16/turn               d - +6 ring of strength
MPRegen 0.12/turn               i - ring of flight

@: flying
A: no striking features
a: Renounce Religion, Minor Destruction


You were on level 5 of the Dungeon.
You worshipped Makhleb.
Makhleb was pleased with you.
You visited 2 branches of the dungeon, and saw 7 of its levels.

You collected 273 gold pieces.
You spent 247 gold pieces at shops.

Inventory:

Hand Weapons
 a - a +3 shortbow of flaming (weapon)
Armour
 f - a +0 pair of gloves (worn)
 r - a +0 cloak (worn)
 s - a +3 leather armour (worn)
Jewellery
 d - a +6 ring of strength (left hand)
 i - a ring of flight (right hand)
 p - a ring of ice
Wands
 o - a wand of roots (7)
Scrolls
 b - 2 scrolls of immolation
 e - a scroll of brand weapon
 l - 2 scrolls of fog
 n - a scroll of fear
Potions
 c - a potion of might {unknown}
 g - 2 potions of curing
 h - 2 potions of mutation
 j - a potion of haste {unknown}
 k - a potion of flight {unknown}
 m - a potion of heal wounds
 q - a potion of invisibility {unknown}


   Skills:
 * Level 1.7 Fighting
 - Level 16.0 Ranged Weapons
 + Level 2.5 Dodging
 - Level 1.2 Stealth


You had 8 spell levels left.
You didn't know any spells.
Your spell library was empty.

Dungeon Overview and Level Annotations

Branches:
Dungeon (6/15)             Temple (1/1) D:4

Altars:
Ashenzari
Dithmenos
Kikubaaqudgha
Makhleb
Qazlal
Trog
Uskayaw
Xom
Zin

Shops:
D:3 [   D:6 *

Annotations:
D:5 Maggie
D:6 1 transporter


Message History

Your attack snaps Maggie out of her fear.
Maggie zaps a wand.
The roots erupt in riotous growth!
The grasping roots grab you! The grasping roots constrict you.
You shoot an arrow. The arrow hits Maggie!
The arrow burns Maggie.
Maggie is moderately wounded.
Maggie casts a spell at you. The bolt of fire hits you!
The grasping roots constrict you.
You are too injured to fight recklessly!
You are too injured to fight recklessly!
You are too injured to fight recklessly!
You feel much better. The grasping roots constrict you.
Fire: a) +3 shortbow (flame)
Press: ? - help, Q - select action, (/) - cycle Shift-Dir - straight line, f/p - Maggie
Aim: Maggie, wielding a +0 broad axe, wearing +0 swamp dragon scales and carrying a wand of roots (9) (moderately wounded, 75% to hit)
You shoot an arrow. The arrow hits Maggie.
The arrow burns Maggie.
Maggie is moderately wounded.
Maggie casts a spell.
Maggie attempts to bespell you! You resist with almost no effort.
The grasping roots constrict you.
Fire: a) +3 shortbow (flame)
Press: ? - help, Q - select action, (/) - cycle Shift-Dir - straight line, f/p - Maggie
Aim: Maggie, wielding a +0 broad axe, wearing +0 swamp dragon scales and carrying a wand of roots (9) (moderately wounded, 75% to hit)
You shoot an arrow.
The arrow hits Maggie but does no damage.
Maggie is moderately wounded.
Fire: a) +3 shortbow (flame)
Press: ? - help, Q - select action, (/) - cycle Shift-Dir - straight line, f/p - Maggie
Aim: Maggie, wielding a +0 broad axe, wearing +0 swamp dragon scales and carrying a wand of roots (9) (moderately wounded, 75% to hit)
You shoot an arrow. The arrow barely misses Maggie.
Maggie casts a spell at you. The bolt of fire hits you!
The grasping roots constrict you.
The grasping roots release their grip on you.
Fire: a) +3 shortbow (flame)
Press: ? - help, Q - select action, (/) - cycle Shift-Dir - straight line, f/p - Maggie
Aim: Maggie, wielding a +0 broad axe, wearing +0 swamp dragon scales and carrying a wand of roots (9) (moderately wounded, 75% to hit)
You shoot an arrow. The arrow hits Maggie!
The arrow burns Maggie.
Maggie is heavily wounded.
Maggie hits you with a +0 broad axe!
You die...

######### #####
#.......# ##...##
#.#####.#
#.....####.#####.######
#...........@@........#
#.....####.#####.####.#
##...## #.#####.# #.#
##.## #.......# #.#
#..# ######### #.# ##.#
######### #.# #.#
#.......# ##.#### #.#
#.......# #.....# #.###
#.......# #.###.#


You could see Maggie.

Vanquished Creatures
  Pikel (D:5)
  Grinder (D:5)
  Menkaure (D:6)
  A black bear (D:4)
  A phantom (D:5)
  Blork the orc (D:5)
  A necrophage (D:5)
  2 scorpions
  4 wights (D:6)
  A quasit (D:4)
  2 jellies
  Crazy Yiuf (D:5)
  An orc priest (D:5)
  4 hounds
  4 orc wizards
  4 iguanas
  4 gnolls (D:4)
  6 adders
  A shadow imp (D:4)
  6 white imps
  5 ufetubi
  2 worms (D:2)
  3 dart slugs
  10 orcs
  8 ball pythons
  6 endoplasms
  5 giant cockroaches
  8 goblins
  5 hobgoblins
  6 jackals
  5 kobolds
  3 quokkas
  5 bats
  5 frilled lizards
  12 rats
135 creatures vanquished.

Vanquished Creatures (others)
  A demonic plant (D:4)
  19 fungi (D:6)
  A plant (D:6)
21 creatures vanquished.

Grand Total: 156 creatures vanquished

Notes
Turn   | Place    | Note
-------+----------+-------------------------------------------
     0 | D:1      | HoaS the Deep Elf Hunter began the quest for the Orb.
     0 | D:1      | Reached XP level 1. HP: 12/12 MP: 3/3
   135 | D:1      | Reached XP level 2. HP: 16/16 MP: 4/4
   138 | D:1      | Reached skill level 6 in Ranged Weapons
   355 | D:1      | Found a faded altar of an unknown god.
   872 | D:2      | Reached XP level 3. HP: 3/20 MP: 5/5
  1273 | D:2      | Reached skill level 7 in Ranged Weapons
  1788 | D:3      | Reached XP level 4. HP: 22/25 MP: 6/6
  1999 | D:3      | Found Ficun's Armour Emporium.
  2074 | D:3      | Reached skill level 8 in Ranged Weapons
  2342 | D:4      | Reached XP level 5. HP: 24/29 MP: 7/7
  2401 | D:4      | Found a staircase to the Ecumenical Temple.
  2411 | Temple   | Entered the Ecumenical Temple
  2552 | Temple   | Became a worshipper of Makhleb the Destroyer
  2601 | D:4      | Reached skill level 9 in Ranged Weapons
  2909 | D:4      | Noticed a black bear
  2913 | D:4      | Killed a black bear
  2914 | D:4      | Reached skill level 10 in Ranged Weapons
  2914 | D:4      | Reached XP level 6. HP: 34/34 MP: 8/8
  3016 | D:4      | Reached * piety under Makhleb
  3333 | D:5      | Entered Level 5 of the Dungeon
  3374 | D:5      | Reached skill level 11 in Ranged Weapons
  3374 | D:5      | Reached XP level 7. HP: 30/38 MP: 9/9
  3475 | D:5      | Noticed Blork the orc
  3485 | D:5      | Killed Blork the orc
  3533 | D:5      | Noticed Pikel
  3548 | D:5      | Killed Pikel
  3549 | D:5      | Reached skill level 13 in Ranged Weapons
  3549 | D:5      | Reached XP level 8. HP: 30/43 MP: 10/10
  3816 | D:5      | Noticed Grinder
  3821 | D:5      | Killed Grinder
  3822 | D:5      | Reached skill level 14 in Ranged Weapons
  4338 | D:5      | Found a runed translucent door.
  4339 | D:5      | Noticed Crazy Yiuf
  4384 | D:5      | Killed Crazy Yiuf
  4570 | D:3      | Bought a +3 leather armour for 247 gold pieces
  4720 | D:6      | Reached ** piety under Makhleb
  4721 | D:6      | Reached skill level 15 in Ranged Weapons
  4829 | D:6      | Noticed Menkaure
  4832 | D:6      | Killed Menkaure
  4842 | D:6      | Found a transporter.
  4857 | D:6      | Found Routij's Retail Resort.
  4868 | D:6      | Reached XP level 9. HP: 47/47 MP: 11/11
  4901 | D:6      | Found an ancient bone altar of Kikubaaqudgha.
  4920 | D:6      | Reached skill level 16 in Ranged Weapons
  4936 | D:6      | Noticed Maggie
  4988 | D:5      | Slain by Maggie

Illustrated notes

Levels and vault maps discovered:
D:1:      scummos_arrival_simple_fountains, layout_basic,
          chequers_ecumenical_altar_grove, interstate_on_off
D:2:      minmay_general_purpose_star, layout_loops_ring,
          minmay_misc_feat_doors, minmay_pentomino_r2
D:3:      layout_rooms, serial_shops, nicolae_square_shop
D:4:      layout_gridville, minmay_temple_entry_tees, serial_demonic,
          serial_demonic_b, serial_demonic_f, serial_demonic_e,
          serial_demonic_e, serial_demonic_d, serial_demonic_f
D:5:      layout_loops_cross, hangedman_abyss_or_decor_stagger, uniq_pikel,
          uniq_blork_the_orc, uniq_crazy_yiuf_cottage, uniq_grinder
D:6:      gammafunk_cloud_chamber, layout_loops_ring,
          grunt_temple_overflow_magic_moments, corexii_shack, minivault_1,
          eino_curves_04, nicolae_alphabet_shops, chequers_mini_garden,
          dreamdust_mushroom_princess, uniq_menkaure, uniq_sigmund, uniq_maggie
Temple:   nicolae_temple_bog_church

Skill      XL: |  1  2  3  4  5  6  7  8  9 |
---------------+----------------------------+-----
Ranged Weapons | 6 7 8 10 11 13 15 16 | 16.0
Fighting       | |  1.7
Dodging        | |  2.5
Stealth        | |  1.2

Action                   |  1- 3 |  4- 6 |  7- 9 || total
-------------------------+-------+-------+-------++-------
 Fire: Shortbow          |    85 |   130 |   118 ||   333
  Use: Scroll            |     7 |     9 |     1 ||    17
       Potion            |     1 |       |     2 ||     3
Armor: Leather armour    |     6 |    11 |     5 ||    22
Dodge: Dodged            |    12 |    17 |    20 ||    49

Table legend: (Time is in decaauts)
 A = Elapsed time spent in this place.
 B = Non-inter-level travel time spent in this place.
 C = Inter-level travel time spent in this place.
 D = Time resting spent in this place.
 E = Time spent auto-exploring this place.
 F = Levels seen in this place.
 G = Mean time per level.
                   A        B        C        D        E       F      G
               +--------+--------+--------+--------+--------+-----+--------+
         Total |   4996 |   4715 |    281 |   1350 |   2697 |   7 |  713.7 |
       Dungeon |   4843 |   4590 |    253 |   1350 |   2580 |   6 |  807.2 |
        Temple |    152 |    124 |     28 |      0 |    117 |   1 |  152.0 |
               +--------+--------+--------+--------+--------+-----+--------+

Top non-repeatable levels by time:
     D:5: 1246 daAuts
     D:2: 1123 daAuts
     D:4: 1058 daAuts
     D:1: 673 daAuts
     D:3: 457 daAuts
     D:6: 284 daAuts
  Temple: 152 daAuts
